 Dungeon Crawl Stone Soup version 0.19.0-19-g8c6edcc (webtiles) character file.

5543 toast the Cleaver (level 10, -7/91 HPs)
             Began as a Minotaur Fighter on Nov 15, 2016.
             Was a Priest of Okawaru.
             Mangled by a warg (10 damage)
             ... on level 8 of the Dungeon on Nov 16, 2016.
             The game lasted 00:19:18 (6082 turns).

toast the Cleaver (Minotaur Fighter)                Turns: 6082, Time: 00:19:18

Health: -7/91      AC: 17    Str: 24    XL:     10   Next: 43%
Magic:  9/9        EV: 10    Int:  5    God:    Okawaru [***...]
Gold:   50         SH: 11    Dex: 10    Spells: 0 memorised, 9 levels left

rFire  . . .     SeeInvis .     u - +2 broad axe (elec)
rCold  . . .     Gourm    .     F - +0 plate armour
rNeg   . . .     Faith    .     c - +0 shield
rPois  .         Spirit   .     (helmet restricted)
rElec  .         Reflect  .     (no cloak)
rCorr  +         Harm     +     t - +0 pair of gloves
MR     .....                    e - +1 pair of boots
Stlth  ..........               C - amulet of harm
                                x - ring of resist corrosion
                                j - +4 ring of evasion

@: no status effects
A: retaliatory headbutt, horns 2
a: Heroism, Renounce Religion


You were on level 8 of the Dungeon.
You worshipped Okawaru.
Okawaru was most pleased with you.
You were not hungry.

You visited 2 branches of the dungeon, and saw 9 of its levels.

You collected 380 gold pieces.
You spent 330 gold pieces at shops.

Inventory:

Hand Weapons
 o - a +0 flail
 u - a +2 broad axe of electrocution (weapon)
Armour
 c - a +0 shield (worn)
 e - a +1 pair of boots (worn)
 t - a +0 pair of gloves (worn)
 F - a +0 plate armour (worn)
Jewellery
 j - a +4 ring of evasion (left hand)
 x - a ring of resist corrosion (right hand)
 C - an amulet of harm (around neck)
Scrolls
 k - 2 scrolls of identify
 p - 2 scrolls of enchant armour
 q - 4 scrolls of remove curse
 r - a scroll of magic mapping
 v - a scroll of teleportation
 w - a scroll of recharging
 y - a scroll of amnesia
Potions
 d - 3 potions of might
 g - a potion of brilliance
 l - a potion of heal wounds
 m - a potion of agility {unknown}
 n - a potion of mutation {unknown}
 s - a potion of flight {unknown}
Books
 D - a book of Callings

   Spells                             Type                      Level
   a - Summon Small Mammal            Summoning                    1
   b - Call Imp                       Summoning                    2
   c - Call Canine Familiar           Summoning                    3
   d - Summon Guardian Golem          Hexes/Summoning              3
   e - Summon Lightning Spire         Summoning/Air                4
   f - Summon Ice Beast               Ice/Summoning                4
Comestibles
 a - 2 chunks of flesh
 f - 8 bread rations
 h - 6 meat rations
 i - 2 beef jerkies
 z - a slice of pizza
 E - a fruit


   Skills:
 + Level 9.4 Fighting
 * Level 11.8 Axes
 + Level 9.1 Armour
 + Level 9.0 Shields


You had 9 spell levels left.
You didn't know any spells.

Dungeon Overview and Level Annotations

Branches:
Dungeon (8/15)             Temple (1/1) D:6
   Lair: D:8-11

Altars:
Ashenzari
Cheibriados
Fedhas
Hepliaklqana
Okawaru
Ru
Trog
Uskayaw
Xom
Zin

Shops:
D:8 (


Innate Abilities, Weirdness & Mutations

You reflexively headbutt those who attack you in melee.
You have a pair of horns on your head.


Message History

The warg misses you. The warg closely misses you. You block the warg's attack.
The warg misses you. The warg closely misses you. You furiously retaliate!
You headbutt the warg. You block the warg's attack.
Unknown command.
You slash the warg!
The warg is almost dead.
You closely miss the warg.
Your plate armour prevents you from hitting the warg.
You closely miss the warg. You block the warg's attack.
The warg bites you but does no damage. x3; You block the warg's attack.
Unknown command.
You barely miss the warg. You headbutt the warg.
You kill the warg!
Okawaru accepts your kill.
Your Shields skill increases to level 9!
You closely miss the warg. You hit the warg. You barely miss the warg.
The warg closely misses you. The warg bites you!
* * * LOW HITPOINT WARNING * * *
You block the warg's attack. The warg bites you!
You die...

#.≈≈≈....# #.≈≈≈..P.#
#.#.≈≈≈....#
#'###≈≈....#
############...#≈≈P...#
....../....#...#≈≈....#
≈≈≈≈≈≈≈≈≈≈≈#####≈≈....#
≈≈≈≈≈≈h≈≈≈≈≈≈≈≈≈≈≈....#
≈≈≈≈≈≈†@≈≈≈≈≈≈≈≈≈≈....#
...P..hh.........P....#
.....P................#
#######################


You could see 3 wargs.

Vanquished Creatures
  A hill giant (D:8)
  Pikel (D:7)
  The ghost of momplestiltskin the Cleaver, a novice HOFi of Zin (D:5)
  Sigmund (D:5)
  A yak (D:8)
  A hungry ghost (D:7)
  Menkaure (D:4)
  8 wargs (D:8)
  Duvessa (D:7)
  A water moccasin (D:6)
  2 orc warriors
  An ice beast (D:8)
  A phantom (D:6)
  A necrophage (D:6)
  2 ogres
  3 centaurs (D:6)
  A big kobold (D:8)
  5 bullfrogs
  Dowan (D:7)
  3 scorpions
  2 howler monkeys
  4 crimson imps
  A bullfrog zombie (D:5)
  A jelly (D:5)
  A centaur zombie (D:6)
  5 orc wizards
  A hound (D:8)
  4 orc priests
  A bullfrog skeleton (D:7)
  A centaur skeleton (D:6)
  An iguana (D:8)
  Natasha (thrice) (D:3)
  4 worker ants
  A killer bee zombie (D:5)
  A hound zombie (D:7)
  15 adders
  2 shadow imps (D:5)
  An ooze (D:1)
  An adder zombie (D:5)
  A worm (D:5)
  3 dart slugs
  5 leopard geckos
  22 orcs
  8 bats
  6 giant cockroaches
  7 goblins
  7 hobgoblins
  21 jackals
  4 quokkas
  3 ball pythons
  4 frilled lizards
  15 kobolds
  8 rats
  A plant (D:8)
202 creatures vanquished.

Vanquished Creatures (others)
  A jelly (D:7)
  A worker ant (D:7)
  An orc (D:7)
  A plant (D:8)
4 creatures vanquished.

Grand Total: 206 creatures vanquished

Notes
Turn   | Place    | Note
-------+----------+-------------------------------------------
     0 | D:1      | toast the Minotaur Fighter began the quest for the Orb.
     0 | D:1      | Reached XP level 1. HP: 19/19 MP: 0/0
   163 | D:1      | Reached XP level 2. HP: 27/27 MP: 1/1
   189 | D:1      | Reached skill level 3 in Axes
   474 | D:1      | Reached XP level 3. HP: 33/33 MP: 2/2
   676 | D:1      | You fall through a shaft!
   880 | D:2      | Reached XP level 4. HP: 38/40 MP: 3/3
  1216 | D:3      | Noticed Natasha
  1225 | D:3      | Killed Natasha
  1225 | D:3      | Reached skill level 4 in Axes
  1283 | D:3      | Reached XP level 5. HP: 47/47 MP: 4/4
  1571 | D:3      | Noticed Natasha
  1579 | D:3      | Killed Natasha
  1579 | D:3      | Reached skill level 5 in Fighting
  1777 | D:3      | Found a blossoming altar of Fedhas.
  1800 | D:3      | Noticed Natasha
  1802 | D:3      | Killed Natasha
  1805 | D:3      | Reached XP level 6. HP: 47/56 MP: 5/5
  1895 | D:4      | Noticed Menkaure
  1902 | D:4      | Killed Menkaure
  1902 | D:4      | Reached skill level 5 in Axes
  1902 | D:4      | Reached skill level 5 in Armour
  1902 | D:4      | Reached skill level 5 in Shields
  2063 | D:4      | Reached XP level 7. HP: 50/61 MP: 6/6
  2093 | D:4      | Found a shimmering altar of Xom.
  2421 | D:4      | Reached skill level 6 in Axes
  2563 | D:5      | Entered Level 5 of the Dungeon
  2563 | D:5      | Noticed Sigmund
  2577 | D:5      | Killed Sigmund
  2664 | D:5      | Noticed momplestiltskin's ghost (novice HOFi)
  2735 | D:5      | Reached skill level 7 in Axes
  3140 | D:5      | HP: 3/63 [momplestiltskin's ghost (16)]
  3146 | D:5      | Killed momplestiltskin's ghost
  3146 | D:5      | Reached XP level 8. HP: 5/71 MP: 7/7
  3630 | D:5      | Reached skill level 8 in Axes
  3747 | D:5      | Found a snail-covered altar of Cheibriados.
  3764 | D:5      | Found a hide-covered altar of Uskayaw.
  3767 | D:5      | Found a hazy altar of Hepliaklqana.
  3780 | D:5      | Found a sacrificial altar of Ru.
  3909 | D:6      | Found a staircase to the Ecumenical Temple.
  3913 | Temple   | Entered the Ecumenical Temple
  3919 | Temple   | Became a worshipper of Warmaster Okawaru
  4143 | D:6      | Reached skill level 9 in Axes
  4146 | D:6      | Reached XP level 9. HP: 71/79 MP: 8/8
  4166 | D:6      | Reached * piety under Okawaru
  4494 | D:7      | Noticed Pikel
  4502 | D:7      | Killed Pikel
  4502 | D:7      | Reached skill level 10 in Axes
  4523 | D:7      | Noticed Dowan
  4527 | D:7      | Noticed Duvessa
  4536 | D:7      | Killed Duvessa
  4547 | D:7      | Killed Dowan
  4622 | D:7      | Reached ** piety under Okawaru
  5119 | D:8      | Reached skill level 11 in Axes
  5121 | D:8      | Reached XP level 10. HP: 34/90 MP: 9/9
  5132 | D:8      | Noticed an orc knight
  5423 | D:8      | Reached *** piety under Okawaru
  5463 | D:8      | Noticed a hill giant
  5471 | D:8      | Killed a hill giant
  5890 | D:8      | Found Vin Seud's Antique Weapon Boutique.
  5901 | D:8      | Bought a glowing broad axe for 330 gold pieces
  6082 | D:8      | HP: 3/91 [warg (9)]
  6082 | D:8      | Mangled by a warg

Skill      XL: |  1  2  3  4  5  6  7  8  9 10 |
---------------+-------------------------------+-----
Axes           | 3 4 5 7 9 11 | 11.8
Fighting       | 4 5 6 7 8 9 |  9.4
Armour         | 4 5 6 7 8 9 |  9.1
Shields        | 4 5 6 7 8 9 |  9.0

Action                   |  1- 3 |  4- 6 |  7- 9 | 10-12 || total
-------------------------+-------+-------+-------+-------++-------
Melee: War axe           |    67 |   100 |   270 |    48 ||   485
       Headbutt          |     7 |    15 |    52 |    11 ||    85
       Broad axe         |       |       |       |    41 ||    41
  Use: Scroll            |     1 |     4 |     8 |       ||    13
       Potion            |       |       |     2 |     2 ||     4
  Eat: Chunk             |       |     4 |    10 |       ||    14
       Meat ration       |       |       |       |     1 ||     1
       Beef jerky        |       |       |       |     1 ||     1
Armor: Scale mail        |    50 |    19 |    80 |       ||   149
       Plate armour      |       |       |    28 |    47 ||    75
Dodge: Dodged            |    27 |    36 |   111 |    35 ||   209
Block: Shield            |    39 |    54 |   141 |    65 ||   299
